AoeStats
← BLEKE

Fortress

510519180Analyzed
1v1 RM · 2d ago on Oct 1, 2026· 19m 18s· 2 players
Game mode
Random Map
Map size
Small (3 player)
Population
200
Speed
Normal
Resources
Standard
Victory
Conquest
Starting age
Dark Age
Ending age
Imperial Age
RankedLock teamsTeams togetherTeam positionsShared explorationLock speedFull tech treeHidden civsTurbo modeCheats
Victory
Defeat
🇻🇳 Turks · Vietnam
1105
+18
🇦🇷 Varangians · Argentina
1153
-18
Ciao
9:11 Feudal Age
10:20 Double-Bit Axe
11:03 Horse Collar
11:21 Gold Mining
14:02 Castle Age
19:43 Imperial Age
BLEKE
5:43 Loom
8:24 Feudal Age
9:15 Double-Bit Axe
12:50 Castle Age
11:05 Horse Collar
11:39 Gold Mining
12:54 Loom
15:53 Scale Barding Armor
16:01 Forging
17:46 Scale Barding Armor
Connection lost

Rejoining the realm…

Still unreachable

The connection could not be restored.

Session expired

The server has moved on; the page needs a fresh start.